MWL (24 & UNDER)
CINCINNATI PRIDE @ PLUMSTEAD EAGLES
06/26/2024
 
TOP OF THE 1ST
Cincinnati Pride batting - Pitching for Plumstead Eagles : RHP Juan Martínez
Pitching: RHP Juan Martínez
Batting: RHB Larry Booth 0-0: Ball
1-0: Ball
2-0: Ground out 6-3 (Groundball, 6M)
Batting: SHB Rafael Villa 0-0: Ground out U3 (Groundball, 3)
Batting: RHB Michael Skinner 0-0: Foul Ball, location: 2F
0-1: Ball
1-1: Ball
2-1: Ball
3-1: Called Strike
3-2: Base on Balls
Batting: RHB Roberto Chávez 0-0: Ball
1-0: Foul Ball, location: 2F
1-1: Foul Ball, location: 2F
1-2: Ball
2-2: Ground out 5-3 (Groundball, 5)
Top of the 1st over - 0 run(s), 0 hit(s), 0 error(s), 1 left on base; Cincinnati 0 - Plumstead 0
BOTTOM OF THE 1ST
Plumstead Eagles batting - Pitching for Cincinnati Pride : RHP Tomás Pagán
Pitching: RHP Tomás Pagán
Batting: RHB Donald Sanford 0-0: Ball
1-0: Called Strike
1-1: Swinging Strike
1-2: Ball
2-2: Ball
3-2: Ground out 1-3 (Groundball, 13)
Batting: RHB Ethan Moore 0-0: Called Strike
0-1: Foul Ball, location: 2F
0-2: Ball
1-2: Ball
2-2: Ball
3-2: SINGLE (Line Drive, 7S)
Batting: RHB Jaime Rodríguez 0-0: Grounds into double play, 6-4-3 (Groundball, 6M)
Bottom of the 1st over - 0 run(s), 1 hit(s), 0 error(s), 0 left on base; Cincinnati 0 - Plumstead 0
TOP OF THE 2ND
Cincinnati Pride batting - Pitching for Plumstead Eagles : RHP Juan Martínez
Batting: RHB Randy Simons 0-0: Ball
1-0: SINGLE (Line Drive, 6MD)
Batting: LHB Marvin Morris 0-0: Grounds into double play, 4-6-3 (Groundball, 4)
Batting: RHB Pablo Gómez 0-0: Ball
1-0: Ball
2-0: Fly out, F9 (Flyball, 89XD)
Top of the 2nd over - 0 run(s), 1 hit(s), 0 error(s), 0 left on base; Cincinnati 0 - Plumstead 0
BOTTOM OF THE 2ND
Plumstead Eagles batting - Pitching for Cincinnati Pride : RHP Tomás Pagán
Batting: RHB J.J. Leslie 0-0: Ball
1-0: SINGLE (Groundball, 56D)
Batting: LHB António Salazar 0-0: SINGLE (Groundball, 34D)
J.J. Leslie to second
Runner from 2nd tries for 3rd, SAFE, throw made to third
António Salazar to second
Batting: RHB Juan Caceres 0-0: DOUBLE (Line Drive, 7LM)
J.J. Leslie scores
António Salazar scores
Batting: RHB José Moreno 0-0: Ground out 3-1 (Groundball, 34)
Juan Caceres to third
Batting: RHB Louis Smith 0-0: Ball
1-0: Called Strike
1-1: Swinging Strike
1-2: Strikes out swinging
Batting: RHB Don Turner 0-0: Ball
1-0: Swinging Strike
1-1: Called Strike
1-2: Strikes out swinging
Bottom of the 2nd over - 2 run(s), 3 hit(s), 0 error(s), 1 left on base; Cincinnati 0 - Plumstead 2
TOP OF THE 3RD
Cincinnati Pride batting - Pitching for Plumstead Eagles : RHP Juan Martínez
Batting: RHB Wilson Flores 0-0: Swinging Strike
0-1: Ball
1-1: Ball
2-1: Fly out, F7 (Flyball, 7M)
Batting: RHB Norris Howard 0-0: Foul Ball, location: 2F
0-1: Called Strike
0-2: Foul Ball, location: 2F
0-2: SINGLE (Groundball, 6M)
Batting: RHB Larry Booth 0-0: Ball
1-0: SINGLE (Line Drive, 4D)
Norris Howard to second
Batting: SHB Rafael Villa 0-0: Swinging Strike
0-1: Swinging Strike
0-2: Ball
1-2: Ball
2-2: Fielders Choice at 2nd, 4-6 (Groundball, 34)
Norris Howard to third
Batting: RHB Michael Skinner 0-0: Ball
1-0: Foul Ball, location: 2F
1-1: Foul Ball, location: 2F
1-2: Ball
2-2: Ball
3-2: Base on Balls
Rafael Villa to second
Batting: RHB Roberto Chávez 0-0: Ball
1-0: DOUBLE (Line Drive, 89D)
Norris Howard scores
Rafael Villa scores
Michael Skinner to third
Runner from 3rd tries for Home, SAFE, no throw or cutoff
Batting: RHB Randy Simons 0-0: Ground out 6-3 (Groundball, 6)
Top of the 3rd over - 3 run(s), 3 hit(s), 0 error(s), 1 left on base; Cincinnati 3 - Plumstead 2
BOTTOM OF THE 3RD
Plumstead Eagles batting - Pitching for Cincinnati Pride : RHP Tomás Pagán
Batting: RHB Donald Sanford 0-0: Called Strike
0-1: Ball
1-1: Foul Ball, location: 2F
1-2: Foul Ball, location: 2F
1-2: Strikes out looking
Batting: RHB Ethan Moore 0-0: Fly out, F6 (Popup, 6MD)
Batting: RHB Jaime Rodríguez 0-0: Ball
1-0: Called Strike
1-1: SINGLE (Line Drive, 4D)
Batting: RHB J.J. Leslie 0-0: Called Strike
0-1: Foul Ball, location: 2F
0-2: Strikes out swinging
Bottom of the 3rd over - 0 run(s), 1 hit(s), 0 error(s), 1 left on base; Cincinnati 3 - Plumstead 2
TOP OF THE 4TH
Cincinnati Pride batting - Pitching for Plumstead Eagles : RHP Juan Martínez
Batting: LHB Marvin Morris 0-0: Called Strike
0-1: Fly out, F9 (Line Drive, 9M)
Batting: RHB Pablo Gómez 0-0: Swinging Strike
0-1: Ball
1-1: Ground out 5-3 (Groundball, 56)
Batting: RHB Wilson Flores 0-0: Called Strike
0-1: Ball
1-1: Called Strike
1-2: Ball
2-2: Ball
3-2: Base on Balls
Batting: RHB Norris Howard 0-0: Ball
1-0: Ball
Wilson Flores is caught stealing 2nd base
Top of the 4th over - 0 run(s), 0 hit(s), 0 error(s), 0 left on base; Cincinnati 3 - Plumstead 2
BOTTOM OF THE 4TH
Plumstead Eagles batting - Pitching for Cincinnati Pride : RHP Tomás Pagán
Batting: LHB António Salazar 0-0: Ground out 2-3 (Groundball, 23)
Batting: RHB Juan Caceres 0-0: Ball
1-0: Ball
2-0: Foul Ball, location: 2F
2-1: Foul Ball, location: 2F
2-2: Strikes out swinging
Batting: RHB José Moreno 0-0: Called Strike
0-1: Swinging Strike
0-2: Strikes out swinging
Bottom of the 4th over - 0 run(s), 0 hit(s), 0 error(s), 0 left on base; Cincinnati 3 - Plumstead 2
TOP OF THE 5TH
Cincinnati Pride batting - Pitching for Plumstead Eagles : RHP Juan Martínez
Batting: RHB Norris Howard 0-0: Called Strike
0-1: Ball
1-1: Ball
2-1: Foul Ball, location: 2F
2-2: Ball
3-2: Strikes out swinging
Batting: RHB Larry Booth 0-0: Called Strike
0-1: Ground out 1-3 (Groundball, 13S)
Batting: SHB Rafael Villa 0-0: Called Strike
0-1: Ball
1-1: Ball
2-1: Ball
3-1: Base on Balls
Batting: RHB Michael Skinner 0-0: Fly out, F6 (Line Drive, 6)
Top of the 5th over - 0 run(s), 0 hit(s), 0 error(s), 1 left on base; Cincinnati 3 - Plumstead 2
BOTTOM OF THE 5TH
Plumstead Eagles batting - Pitching for Cincinnati Pride : RHP Tomás Pagán
Batting: RHB Louis Smith 0-0: Fly out, F8 (Popup, 8LS)
Batting: RHB Don Turner 0-0: Swinging Strike
0-1: Fly out, F3 (Popup, 3F)
Batting: RHB Donald Sanford 0-0: Ball
1-0: Ball
2-0: Ball
3-0: Called Strike
3-1: Base on Balls
Pitching: RHP José Gonzáles
Batting: RHB Ethan Moore 0-0: Ball
1-0: Foul Ball, location: 2F
1-1: Called Strike
1-2: Ball
2-2: Strikes out swinging
Bottom of the 5th over - 0 run(s), 0 hit(s), 0 error(s), 1 left on base; Cincinnati 3 - Plumstead 2
TOP OF THE 6TH
Cincinnati Pride batting - Pitching for Plumstead Eagles : RHP Juan Martínez
Pitching: RHP Lane Lund
Batting: RHB Roberto Chávez 0-0: Called Strike
0-1: Foul Ball, location: 2F
0-2: Ball
1-2: Strikes out swinging
Batting: RHB Randy Simons 0-0: Called Strike
0-1: Ground out 5-3 (Groundball, 56S)
Batting: LHB Marvin Morris 0-0: Ball
1-0: Called Strike
1-1: Ball
2-1: Foul Ball, location: 2F
2-2: Ball
3-2: Foul Ball, location: 2F
3-2: Foul Ball, location: 2F
3-2: Strikes out swinging
Top of the 6th over - 0 run(s), 0 hit(s), 0 error(s), 0 left on base; Cincinnati 3 - Plumstead 2
BOTTOM OF THE 6TH
Plumstead Eagles batting - Pitching for Cincinnati Pride : RHP José Gonzáles
Batting: RHB Jaime Rodríguez 0-0: Foul Ball, location: 2F
0-1: Foul Ball, location: 2F
0-2: Foul Ball, location: 2F
0-2: Strikes out swinging
Batting: RHB J.J. Leslie 0-0: Swinging Strike
0-1: Fly out, F7 (Flyball, 7D)
Batting: LHB António Salazar 0-0: Ball
1-0: Ball
2-0: Fly out, F7 (Line Drive, 78M)
Bottom of the 6th over - 0 run(s), 0 hit(s), 0 error(s), 0 left on base; Cincinnati 3 - Plumstead 2
TOP OF THE 7TH
Cincinnati Pride batting - Pitching for Plumstead Eagles : RHP Lane Lund
Batting: RHB Pablo Gómez 0-0: Ball
1-0: Foul Ball, location: 2F
1-1: Foul Ball, location: 2F
1-2: Strikes out swinging
Batting: RHB Wilson Flores 0-0: Ball
1-0: Foul Ball, location: 2F
1-1: Swinging Strike
1-2: Ball
2-2: Ball
3-2: Strikes out swinging
Batting: RHB Norris Howard 0-0: Ball
1-0: Ball
2-0: Ball
3-0: Base on Balls
Pinch Hitting: SHB Jorge García 0-0: Called Strike
0-1: Ball
1-1: Ball
2-1: Fly out, F7 (Flyball, 7LS)
Top of the 7th over - 0 run(s), 0 hit(s), 0 error(s), 1 left on base; Cincinnati 3 - Plumstead 2
BOTTOM OF THE 7TH
Plumstead Eagles batting - Pitching for Cincinnati Pride : RHP José Gonzáles
Now at SS: Jorge García
Batting: RHB Juan Caceres 0-0: Ball
1-0: Ball
2-0: Called Strike
2-1: Ball
3-1: Ground out 5-3 (Groundball, 56)
Batting: RHB José Moreno 0-0: Ball
1-0: Called Strike
1-1: Swinging Strike
1-2: Ball
2-2: Foul Ball, location: 2F
2-2: SINGLE (Line Drive, 6MD)
Batting: RHB Louis Smith 0-0: Ball
1-0: Ball
2-0: Ball
3-0: Base on Balls
José Moreno to second
Pinch Hitting: LHB Matsusuke Yamasaki 0-0: Called Strike
0-1: Ball
1-1: Ball
2-1: SINGLE (Groundball, 4MD)
José Moreno to third
Louis Smith to second
Batting: RHB Donald Sanford 0-0: Foul Ball, location: 2F
0-1: Swinging Strike
0-2: SINGLE (Groundball, 15) (infield hit)
José Moreno scores
Louis Smith to third
Matsusuke Yamasaki to second
Batting: RHB Ethan Moore 0-0: Ball
1-0: Ball
2-0: Called Strike
2-1: Ground out 5-3 (Groundball, 5S)
Louis Smith scores
Matsusuke Yamasaki to third
Donald Sanford to second
Pinch Hitting: RHB Hubert Brown 0-0: Ball
1-0: Ball
2-0: Called Strike
2-1: Ball
3-1: Foul Ball, location: 2F
3-2: Strikes out swinging
Bottom of the 7th over - 2 run(s), 3 hit(s), 0 error(s), 2 left on base; Cincinnati 3 - Plumstead 4
TOP OF THE 8TH
Cincinnati Pride batting - Pitching for Plumstead Eagles : RHP Lane Lund
Now at 1B: Víctor Rivera
Now in LF: Matsusuke Yamasaki
Batting: SHB Rafael Villa 0-0: Ball
1-0: Ball
2-0: SINGLE (Groundball, 56)
Pinch Hitting: RHB Gabriel Villegas 0-0: Called Strike
0-1: Ball
1-1: Foul Ball, location: 2F
1-2: SINGLE (Groundball, 5D)
Rafael Villa to second
Batting: RHB Roberto Chávez 0-0: Ball
1-0: Ball
2-0: Grounds into double play, 6-4-3 (Groundball, 6D)
Rafael Villa to third
Batting: RHB Randy Simons 0-0: Ground out 5-3 (Groundball, 5S)
Top of the 8th over - 0 run(s), 2 hit(s), 0 error(s), 1 left on base; Cincinnati 3 - Plumstead 4
BOTTOM OF THE 8TH
Plumstead Eagles batting - Pitching for Cincinnati Pride : RHP José Gonzáles
Pitching: LHP Halewijn Tipping
Now in RF: Wes Stone
Batting: RHB J.J. Leslie 0-0: Ball
1-0: Called Strike
1-1: Ball
2-1: Ball
3-1: Base on Balls
Batting: LHB António Salazar 0-0: Swinging Strike
0-1: Ball
1-1: Ball
2-1: Called Strike
2-2: Ball
3-2: Ground out 3-1 (Groundball, 34)
J.J. Leslie to second
Batting: RHB Juan Caceres 0-0: Intentional Walk
Batting: RHB José Moreno 0-0: Ball
1-0: Ball
2-0: Called Strike
2-1: Ball
3-1: Foul Ball, location: 2F
3-2: Base on Balls
J.J. Leslie to third
Juan Caceres to second
Batting: RHB Louis Smith 0-0: Ball
1-0: Ball
2-0: Ball
3-0: Called Strike
3-1: Base on Balls
J.J. Leslie scores
Juan Caceres to third
José Moreno to second
Batting: LHB Matsusuke Yamasaki 0-0: Called Strike
0-1: Ball
1-1: Foul Ball, location: 2F
1-2: Foul Ball, location: 2F
1-2: SINGLE (Line Drive, 56D)
Juan Caceres scores
José Moreno to third
Louis Smith to second
Batting: RHB Donald Sanford 0-0: Ball
1-0: Ball
2-0: Called Strike
2-1: Fly out, F8 (Line Drive, 8LM)
Runner from 3rd tags up, SCORES, no throw
Pitching: RHP Rusty van Rhee
Batting: RHB Ethan Moore 0-0: Ball
1-0: Ground out 6-3 (Groundball, 6S)
Bottom of the 8th over - 3 run(s), 1 hit(s), 0 error(s), 2 left on base; Cincinnati 3 - Plumstead 7
TOP OF THE 9TH
Cincinnati Pride batting - Pitching for Plumstead Eagles : RHP Lane Lund
Batting: LHB Marvin Morris 0-0: Ball
1-0: Called Strike
1-1: Foul Ball, location: 2F
1-2: Strikes out swinging
Batting: RHB Pablo Gómez 0-0: Called Strike
0-1: Fly out, F9 (Line Drive, 9M)
Batting: RHB Wilson Flores 0-0: Ball
1-0: Called Strike
1-1: Called Strike
1-2: Hit by Pitch
Batting: RHB Norris Howard 0-0: Ball
1-0: Ball
2-0: Ball
3-0: Base on Balls
Wilson Flores to second
Batting: SHB Jorge García 0-0: Foul Ball, location: 2F
0-1: Ball
1-1: Foul Ball, location: 2F
1-2: Ball
2-2: Ball
3-2: Reached on error, E3 (Groundball, 34S)
Wilson Flores scores
Norris Howard to third
Batting: SHB Rafael Villa 0-0: Ball
1-0: Called Strike
1-1: Foul Ball, location: 2F
1-2: Ground out 4-3 (Groundball, 4)
Top of the 9th over - 1 run(s), 0 hit(s), 1 error(s), 2 left on base; Cincinnati 4 - Plumstead 7
This league is powered by Out of the Park Baseball, the baseball management simulation game for PC, Mac and Linux
Saturday, April 9th, 2016 - OOTP Baseball 16.8 Build 38